 Dungeon Crawl Stone Soup version 0.31.0-11-ge490571c62 (webtiles) character file.

Game seed: 18109045087985950600

25 qw the Shooter (level 2, -2/14 HPs)
             Began as a Spriggan Hunter on Feb 3, 2024.
             Slain by a kobold
             ... wielding a +0 short sword
              (4 damage)
             ... on level 2 of the Dungeon.
             The game lasted 00:00:01 (642 turns).

qw the Shooter (Spriggan Hunter)                     Turns: 642, Time: 00:00:02

Health: -2/14      AC:  2    Str:  7    XL:     2   Next: 86%
Magic:  3/3        EV: 19    Int: 10    God:
Gold:   86         SH:  0    Dex: 18    Spells: 1/1 levels left

rFire   . . .        a - +1 shortbow
rCold   . . .        (shield currently unavailable)
rNeg    . . .        c - +0 robe
rPois   .            (helmet restricted)
rElec   .            (no cloak)
rCorr   .            (gloves unavailable)
SInv    +            (boots unavailable)
Will    .....        (no amulet)
Stlth   ++           (no ring)
HPRegen 0.22/turn    (no ring)
MPRegen 0.08/turn

%: no passive effects
@: very quick
A: very small, no large weapons, unfitting armour, see invisible, speed 3
a: no special abilities


You were on level 2 of the Dungeon.
You visited 1 branch of the dungeon, and saw 2 of its levels.

You collected 86 gold pieces.


Innate Abilities, Weirdness & Mutations

You are very small and have problems with some larger weapons.
You are too small for most types of armour.
You have supernaturally acute eyesight. (SInv)
You cover ground extremely quickly. (Speed+++)


   Skills:
 - Level 1.5 Fighting
 + Level 4.3 Ranged Weapons
 - Level 4.0 Dodging
 - Level 1.5 Stealth


You had one spell level left.
You didn't know any spells.
Your spell library was empty.

Inventory:

Hand Weapons
 a - a +1 shortbow (weapon)
Armour
 c - a +0 robe (worn)
Potions
 g - a potion of might {unknown}
 j - a potion of curing {unknown}

Dungeon Overview and Level Annotations

Branches:
Dungeon (2/15)

Altars:


Message History

You kill the kobold!
A kobold comes into view. It is wielding a +0 short sword.
You shoot an arrow.
The arrow closely misses the ball python.
The kobold throws a stone.
The stone completely misses you. The ball python bites you.
The ball python barely misses you. x2
The ball python misses you.
You shoot an arrow. The arrow hits the ball python.
You kill the ball python!
The ball python closely misses you. x2
You shoot an arrow.
The arrow closely misses the ball python.
The ball python barely misses you. The ball python grabs you.
The ball python constricts you. The ball python bites you.
The ball python constricts you. The kobold misses you.
You shoot an arrow. The arrow hits the ball python.
The ball python is severely wounded.
The ball python bites you. The ball python constricts you.
You shoot an arrow. The arrow hits the ball python!
You kill the ball python!
The kobold hits you with a +0 dagger.
You shoot an arrow. The arrow barely misses the kobold.
The kobold closely misses you. The kobold hits you with a +0 dagger.
You shoot an arrow.
The arrow hits the kobold but does no damage.
The kobold completely misses you. The kobold hits you with a +0 dagger.
The kobold closely misses you. The kobold barely misses you.
You shoot an arrow. The arrow completely misses the kobold.
The kobold closely misses you. The kobold completely misses you.
You shoot an arrow.
The arrow hits the kobold but does no damage.
The kobold closely misses you. x2
You shoot an arrow. The arrow barely misses the kobold.
The kobold hits you but does no damage. The kobold hits you with a +0 dagger.
You shoot an arrow. The arrow closely misses the kobold.
The kobold misses you. The kobold closely misses you.
You shoot an arrow. The arrow closely misses the kobold.
The kobold closely misses you. x2; The kobold misses you.
The kobold hits you with a +0 short sword.
You die...

#......'...#...)...#
#.######...##...####
.......<....'...#
.....#.######...#
..)..#.# #...####
..#.##.######.###..
...........##...#.#
....#..###.###.##)#
)...#.## #.K@.#
......<# #..K.......
..%###.#
#..>......... ...
...# ####....#####
... ...... .....#
.....####.# ...#...
... .# .#.#.### +#..
# #.....# #.


You could see 2 kobolds.

Vanquished Creatures
  4 ball pythons
  A bat (D:1)
  An endoplasm (D:1)
  3 giant cockroaches
  2 goblins
  A hobgoblin (D:1)
  4 jackals (D:1)
  3 kobolds
  A rat (D:1)
20 creatures vanquished.

Notes
Turn   | Place    | Note
-------+----------+-------------------------------------------
     0 | D:1      | qw the Spriggan Hunter began the quest for the Orb.
     0 | D:1      | Reached XP level 1. HP: 10/10 MP: 2/2
     0 | D:1      | 0 ||| qw: Version: 0.3-a-155-g5e7d8dd
     0 | D:1      | 0 ||| qw: Game counter: 3066
     0 | D:1      | 0 ||| qw: Melee chars always use a shield: true
     0 | D:1      | 0 ||| qw: God list: Okawaru
     0 | D:1      | 0 ||| qw: Allow faded altars: false
     0 | D:1      | 0 ||| qw: Do Orc after clearing Dungeon:15 true
     0 | D:1      | 0 ||| qw: Do second Lair branch before Depths: true
     0 | D:1      | 0 ||| qw: Lair rune preference: random
     0 | D:1      | 0 ||| qw: Goals: Normal
     0 | D:1      | 0 ||| PLANNING D:1-11
    66 | D:1      | Reached skill level 3 in Dodging
   166 | D:1      | Reached XP level 2. HP: 13/14 MP: 3/3
   468 | D:1      | 468 ||| READING scroll labelled JEMATE BAV SIN.
   471 | D:1      | 471 ||| READING scroll labelled RUUCSAYL LIES.
   572 | D:1      | 572 ||| READING scroll labelled EJAEJI UNATO.
   572 | D:1      | 572 ||| ENCHANTING +0 shortbow.
   573 | D:1      | 573 ||| READING scroll labelled ACREEC REYR.
   574 | D:1      | 574 ||| READING scroll labelled RAFODU AKKOMA.
   575 | D:1      | 575 ||| DROPPING scroll of butterflies.
   640 | D:2      | HP: 2/14 [kobold/+0 dagger (3)]
   642 | D:2      | Slain by a kobold

Levels and vault maps discovered:
D:1:      beargit_arrival_diablo_church, layout_rooms
D:2:      layout_basic, hellmonk_ecumenical_altar_leap_of_faith

Skill      XL: |  1  2 |
---------------+-------+-----
Dodging        | 3 4 |  4.0
Fighting       | |  1.5
Ranged Weapons | |  4.3
Stealth        | |  1.5

Action                     || total
---------------------------++-------
   Fire: Shortbow          ||    59
    Use: Scroll            ||     5
 Armour: Robe              ||    23
  Dodge: Dodged            ||    63

Table legend:
 A = Non-vault XP
 B = Vault XP
 C = Vault XP percentage of total XP
 D = Non-vault monster count
 E = Vault monster count
 F = Vault count percentage of total count
                 A         B        C        D         E       F
            +---------+---------+-------+---------+---------+-------
      Total |      37 |       0 |   0.0 |      20 |       0 |   0.0
            +---------+---------+-------+---------+---------+-------
        D:1 |      22 |       0 |   0.0 |      12 |       0 |   0.0
        D:2 |      15 |       0 |   0.0 |       8 |       0 |   0.0
            +---------+---------+-------+---------+---------+-------
